[Event "Titled Tuesday Blitz November 08 Early 2022"]
[White "Csonka, Balazs"]
[Black "Ilkhomi, Jaloliddin"]
[WhiteFideId "742910"]
[BlackFideId "14700948"]
[WhiteElo "2404"]
[BlackElo "2045"]
[Result "0-1"]
[Round "07"]
[TimeControl "180+1"]
[Date "2022.11.09"]
[WhiteClock "0:00:02"]
[BlackClock "0:00:23"]

1. c4 e6 2. Nc3 d5 3. d4 Nf6 4. Nf3 b6 5. cxd5 exd5 6. Bg5 Be7 7. e3 O-O 8. Bd3 c5 9. Qc2 h6 10. Bxf6 Bxf6 11. Nxd5 Qxd5 12. Be4 Qd7 13. Bxa8 Ba6 14. O-O-O cxd4 15. Kb1 d3 16. Qb3 Nc6 17. Bxc6 Qxc6 18. Rc1 Qe4 19. Nd2 Qe7 20. Qa3 Qb7 21. f3 Re8 22. Ne4 Be5 23. Nd6 Bxd6 24. Qxd6 Bb5 25. e4 Re7 26. Rhd1 Rd7 27. Qb4 Ba6 28. Rd2 Qb8 29. g3 Qd8 30. Qc3 Kh7 31. e5 Rd5 32. f4 Bb5 33. b3 a5 34. a4 Ba6 35. Kb2 Qe7 36. Qc7 Qb4 37. Qc3 Qe4 38. Qc7 Qd4+ 39. Qc3 Qe3 40. Rcd1 Rc5 41. Rxd3 Rxc3 42. Rxe3 Rxe3 43. Rd7 Bc8 44. Rxf7 Be6 45. Re7 Bxb3 46. Rb7 Bxa4 47. Rxb6 Bd7 48. Kc2 Bf5+ 49. Kd2 Rd3+ 50. Ke2 a4 51. g4 Rb3 52. Ra6 Bd3+ 53. Kd2 Bxa6 0-1


[Site "https://www.chess.com"]

[Event "Titled Tuesday Blitz November 08 Early 2022"]
[White "Darini, Pouria"]
[Black "Jumabayev, Rinat"]
[WhiteFideId "12502200"]
[BlackFideId "13702661"]
[WhiteElo "2483"]
[BlackElo "2561"]
[Result "1-0"]
[Round "07"]
[TimeControl "180+1"]
[Date "2022.11.09"]
[WhiteClock "0:00:16"]
[BlackClock "0:00:02"]

1. d4 d6 2. e4 g6 3. Nc3 Bg7 4. Be3 c6 5. f4 b5 6. Bd3 e5 7. dxe5 dxe5 8. fxe5 Nd7 9. e6 fxe6 10. Nf3 Ngf6 11. Qd2 b4 12. Ne2 c5 13. Nf4 Qb6 14. O-O-O O-O 15. Qe2 Re8 16. h4 Qa5 17. Kb1 Nb6 18. h5 c4 19. Bxc4 Nxc4 20. Qxc4 g5 21. Nd3 h6 22. Nxg5 hxg5 23. h6 Bf8 24. h7+ Nxh7 25. e5 Bb7 26. Bxg5 Nxg5 27. Qg4 Bg7 28. Qxg5 Bd5 29. b3 Rac8 30. Qg6 Re7 31. Rdf1 1-0


[Site "https://www.chess.com"]

[Event "Titled Tuesday Blitz November 08 Early 2022"]
[White "Dehtiarov, Roman"]
[Black "Mazurkiewicz, Michal"]
[WhiteFideId "14186640"]
[BlackFideId "1124943"]
[WhiteElo "2200"]
[BlackElo "2063"]
[Result "0-1"]
[Round "07"]
[TimeControl "180+1"]
[Date "2022.11.09"]
[WhiteClock "0:00:03"]
[BlackClock "0:00:04"]

1. e4 d6 2. d4 Nf6 3. Nc3 c6 4. f4 Qb6 5. Nf3 Bg4 6. Be2 e6 7. O-O d5 8. e5 Nfd7 9. Na4 Qa5 10. b3 c5 11. Bd2 Qc7 12. Be3 Bxf3 13. Bxf3 cxd4 14. Bxd4 Nc6 15. c3 b5 16. Nb2 Nxd4 17. cxd4 g6 18. Nd3 Qb6 19. Nf2 Ba3 20. Qd2 Rc8 21. Rad1 a5 22. Ng4 h5 23. Ne3 Bb4 24. Qf2 Rc3 25. Nxd5 exd5 26. Bxd5 O-O 27. f5 Nxe5 28. fxg6 Nxg6 29. Qf5 Kg7 30. Kh1 f6 31. Rde1 Ne7 32. Qxh5 Nxd5 33. Qxd5 Qd6 34. Qxb5 Rh8 35. g3 Rxh2+ 36. Kxh2 Qxg3+ 37. Kh1 Qh3+ 38. Kg1 Rg3+ 39. Kf2 Qg2# 0-1


[Site "https://www.chess.com"]

[Event "Titled Tuesday Blitz November 08 Early 2022"]
[White "Derjabin, Ilja"]
[Black "Bon, Michael"]
[WhiteFideId "14104768"]
[BlackFideId "620696"]
[WhiteElo "2312"]
[BlackElo "2324"]
[Result "0-1"]
[Round "07"]
[TimeControl "180+1"]
[Date "2022.11.09"]
[WhiteClock "0:00:02"]
[BlackClock "0:00:10"]

1. d4 d5 2. c4 Nc6 3. Nf3 Bg4 4. cxd5 Bxf3 5. dxc6 Bxc6 6. Nc3 e6 7. e4 Bb4 8. f3 Qh4+ 9. g3 Qf6 10. Bf4 O-O-O 11. Qb3 Qxd4 12. Rd1 Qxd1+ 13. Qxd1 Rxd1+ 14. Kxd1 Ne7 15. Kc2 Ng6 16. Be3 a6 17. a3 Be7 18. f4 Rd8 19. Be2 Nf8 20. Re1 Nd7 21. Bd4 g6 22. b4 Nf6 23. Bxf6 Bxf6 24. e5 Be7 25. b5 axb5 26. Bxb5 Bxb5 27. Nxb5 c6 28. Nc3 Bxa3 29. Ne4 Be7 30. h4 h6 31. Rb1 Kc7 32. Kc3 b5 33. Ra1 Kb6 34. h5 c5 35. hxg6 fxg6 36. g4 Rd4 37. Re1 b4+ 38. Kb3 c4+ 39. Ka4 Rd8 40. Nd6 Bxd6 41. exd6 Kc5 42. Re5+ Kxd6 43. Kxb4 Rc8 44. Kc3 Rc5 45. Re2 h5 46. gxh5 gxh5 47. Rh2 Ke7 48. Kd4 Rc8 49. Rxh5 c3 50. Rh1 c2 51. Rc1 Kf6 52. Kd3 Kf5 53. Kd2 Kxf4 54. Rf1+ Ke4 55. Re1+ Kd4 56. Kc1 e5 57. Rh1 e4 58. Rh2 e3 59. Rxc2 Rh8 60. Rc7 Rh1+ 61. Kc2 e2 62. Rd7+ Kc5 63. Rc7+ Kd6 0-1


[Site "https://www.chess.com"]

[Event "Titled Tuesday Blitz November 08 Early 2022"]
[White "Do Nascimento,Christian Almeida"]
[Black "Todorovic, Bojan"]
[WhiteFideId "2143801"]
[BlackFideId "917087"]
[WhiteElo "2079"]
[BlackElo "2266"]
[Result "1-0"]
[Round "07"]
[TimeControl "180+1"]
[Date "2022.11.09"]
[WhiteClock "0:00:03"]
[BlackClock "0:00:01"]

1. e4 g6 2. d4 Bg7 3. Nc3 d6 4. Be3 a6 5. Qd2 Nd7 6. O-O-O b5 7. Kb1 Bb7 8. f3 c5 9. dxc5 Nxc5 10. Bd4 Bxd4 11. Qxd4 Nf6 12. e5 Nfd7 13. exd6 e5 14. Qd2 O-O 15. h4 Nf6 16. h5 b4 17. Ne4 Ncxe4 18. fxe4 Bxe4 19. hxg6 Bxg6 20. Nf3 Qa5 21. Nh4 Ne4 22. Qh6 Nc3+ 23. bxc3 bxc3 24. Ka1 Qa3 25. Rb1 Rab8 26. Bc4 Rxb1+ 27. Rxb1 Qxd6 28. Nf5 Qf6 29. g4 e4 30. Rf1 Qe5 31. Qg5 Re8 32. Bb3 e3 33. Nh6+ 1-0


[Site "https://www.chess.com"]

[Event "Titled Tuesday Blitz November 08 Early 2022"]
[White "Dominguez Perez, Leinier"]
[Black "Peyrer, Konstantin"]
[WhiteFideId "3503240"]
[BlackFideId "1640879"]
[WhiteElo "2972"]
[BlackElo "2741"]
[Result "0-1"]
[Round "07"]
[TimeControl "180+1"]
[Date "2022.11.09"]
[WhiteClock "0:00:35"]
[BlackClock "0:00:31"]

1. e4 c6 2. d4 d5 3. e5 Bf5 4. Nf3 e6 5. Be2 Ne7 6. c3 Ng6 7. Be3 f6 8. Nbd2 Nd7 9. O-O fxe5 10. dxe5 Bc5 11. Nd4 Ngxe5 12. g4 Be4 13. Nxe4 dxe4 14. Nxe6 Qe7 15. Nc7+ Kf7 16. Nxa8 Rxa8 17. Bxc5 Nxc5 18. f4 exf3 19. Bxf3 Kg8 20. Bg2 Ncd3 21. Qd2 Rd8 22. Rad1 Qc5+ 23. Kh1 Nxg4 24. Bf3 Ndf2+ 25. Kg2 Rxd2 26. Rxd2 Qg5 27. Rd4 Ne3+ 28. Kxf2 Nxf1 29. Kxf1 Qc1+ 30. Bd1 Qxb2 31. Bb3+ Kf8 32. Rd7 Qxc3 33. Rxb7 a5 34. a4 c5 35. Bd1 c4 36. Be2 Qc1+ 37. Kf2 Qf4+ 38. Ke1 c3 0-1


[Site "https://www.chess.com"]

[Event "Titled Tuesday Blitz November 08 Early 2022"]
[White "Dubov, Daniil"]
[Black "Galchenko, Matvey"]
[WhiteFideId "24126055"]
[BlackFideId "24175480"]
[WhiteElo "2791"]
[BlackElo "2403"]
[Result "0-1"]
[Round "07"]
[TimeControl "180+1"]
[Date "2022.11.08"]
[WhiteClock "0:00:02"]
[BlackClock "0:00:08"]

1. e4 e6 2. d4 d5 3. Nc3 Bb4 4. Ne2 Nc6 5. a3 Ba5 6. Be3 Nge7 7. e5 Nf5 8. Ng3 Nxe3 9. fxe3 Qg5 10. Qd2 O-O 11. Bb5 f6 12. O-O Bd7 13. exf6 Rxf6 14. Rxf6 gxf6 15. Rf1 Rf8 16. b4 Bb6 17. Qf2 a6 18. Bd3 Ne5 19. Be2 Ng4 20. Bxg4 Qxg4 21. Qe1 c6 22. Na4 Bc7 23. Nc5 Bc8 24. Nd3 e5 25. dxe5 fxe5 26. Rxf8+ Kxf8 27. e4 Qg5 28. h3 h5 29. Kh2 h4 30. Nh1 dxe4 31. Nc5 e3 32. Kg1 Bxh3 33. Qf1+ Kg7 34. Qf3 Bg4 35. Qe4 e2 36. Nd3 h3 37. Nhf2 Bf5 38. Qf3 e4 39. Nxe4 h2+ 40. Kh1 Qg6 41. Nef2 Bxd3 42. Nxd3 Qxd3 43. Qg4+ Qg6 44. Qd7+ Qf7 45. Qg4+ Kf8 46. Qxe2 Qe7 47. Qf3+ Ke8 48. g3 Qh7 49. c4 Qh6 50. b5 axb5 51. cxb5 Qc1+ 52. Kxh2 Qb2+ 53. Kh3 Qxb5 54. Qe4+ Qe5 55. Qg6+ Kd7 56. Qf7+ Qe7 57. Qf3 Qe6+ 58. Kg2 Qd5 0-1


[Site "https://www.chess.com"]

[Event "Titled Tuesday Blitz November 08 Early 2022"]
[White "Estrada Nieto, Julian"]
[Black "Brown, Andrew"]
[WhiteFideId "5101018"]
[BlackFideId "3206513"]
[WhiteElo "2221"]
[BlackElo "2245"]
[Result "1-0"]
[Round "07"]
[TimeControl "180+1"]
[Date "2022.11.09"]
[WhiteClock "0:00:04"]
[BlackClock "0:00:02"]

1. e4 g6 2. d4 Bg7 3. Nf3 c6 4. Nc3 d5 5. h3 dxe4 6. Nxe4 Nf6 7. Nxf6+ exf6 8. Bc4 Qe7+ 9. Be3 Qb4+ 10. Nd2 Qxb2 11. O-O O-O 12. Bb3 f5 13. Rb1 Qc3 14. Nf3 Qa5 15. Qc1 Nd7 16. Re1 Nf6 17. Ne5 Nd5 18. Bd2 Qc7 19. c4 Nf6 20. Bf4 Qd8 21. Rd1 Ne4 22. Nf3 Be6 23. Bh6 Qa5 24. Bxg7 Kxg7 25. d5 cxd5 26. cxd5 Bd7 27. Qb2+ f6 28. Nd4 Rac8 29. Ne6+ Bxe6 30. dxe6 Rfd8 31. Rd7+ Rxd7 32. exd7 Rd8 33. Qd4 Qb6 34. Qxb6 axb6 35. Bd5 Rxd7 36. Bxe4 fxe4 37. Rxb6 f5 38. Kf1 Kf7 39. Ke2 Ke7 40. h4 Kd8 41. Ke3 Kc7 42. Rf6 b5 43. h5 Rg7 44. h6 Rd7 45. Ra6 Kb7 46. Rf6 b4 47. Rf8 Kb6 48. Rg8 Kc5 49. Rg7 Kc6 50. Kf4 Rd2 51. Rxh7 Rxf2+ 52. Ke3 Rxg2 53. Rh8 Rh2 54. Kd4 g5 55. h7 g4 56. Rc8+ Kd6 57. h8=Q Rxh8 58. Rxh8 Ke6 59. Ke3 Ke5 60. Re8+ Kd5 61. Kf4 g3 62. Kxg3 Kd4 63. Kf4 Kc3 64. Rd8 Kb2 65. Rd2+ Kc3 66. Rf2 Kd3 67. Rg2 Kd4 68. Rg3 Kc4 69. Rb3 Kd4 70. Re3 1-0


[Site "https://www.chess.com"]

[Event "Titled Tuesday Blitz November 08 Early 2022"]
[White "Farmani Anosheh, Armin"]
[Black "Jeet, Jain"]
[WhiteFideId "24613240"]
[BlackFideId "5073022"]
[WhiteElo "2289"]
[BlackElo "2067"]
[Result "0-1"]
[Round "07"]
[TimeControl "180+1"]
[Date "2022.11.09"]
[WhiteClock "0:01:03"]
[BlackClock "0:02:36"]

1. e4 Nc6 2. Nf3 d6 3. d4 Bg4 4. Nc3 Bxf3 5. gxf3 a6 6. Be3 e5 7. dxe5 dxe5 8. Nd5 Nge7 9. c3 Nxd5 10. exd5 Ne7 11. c4 Nf5 12. Bd2 Bc5 13. Bh3 Qh4 14. Qa4+ b5 15. cxb5 Qxa4 0-1


[Site "https://www.chess.com"]

[Event "Titled Tuesday Blitz November 08 Early 2022"]
[White "Fernandez Guillen, Ernesto J."]
[Black "Starosta, Martyna"]
[WhiteFideId "3512428"]
[BlackFideId "21818754"]
[WhiteElo "2450"]
[BlackElo "1825"]
[Result "1-0"]
[Round "07"]
[TimeControl "180+1"]
[Date "2022.11.09"]
[WhiteClock "0:01:07"]
[BlackClock "0:00:10"]

1. e4 c6 2. d4 d5 3. e5 Bf5 4. c3 e6 5. Bd3 Bxd3 6. Qxd3 c5 7. Ne2 Nc6 8. O-O Rc8 9. Nd2 a6 10. Nf3 cxd4 11. cxd4 Qb6 12. a3 Nge7 13. b4 Qb5 14. Qd1 a5 15. a4 Qxb4 16. Ba3 Qb6 17. Rb1 Qa6 18. Bc5 Ng6 19. Rb6 Qa8 20. Bxf8 Nxf8 21. Qb3 Rc7 22. Rb1 Nb4 23. Nc3 Rc6 24. Nb5 Ke7 25. Rxc6 bxc6 26. Nd6 Nd7 27. Rc1 f6 28. Qe3 Qf8 29. Nb7 Qa8 30. Nd6 Qf8 31. h4 fxe5 32. dxe5 h6 33. Nd4 Qb8 34. Rxc6 Qa8 35. Rc7 Na6 36. Nc6+ Kf8 37. Rxd7 Qxc6 38. Qf3+ Kg8 39. Qf7+ 1-0


[Site "https://www.chess.com"]

[Event "Titled Tuesday Blitz November 08 Early 2022"]
[White "Fernandez Siles, Luis"]
[Black "Yurovskykh, Oleksandr"]
[WhiteFideId "2209420"]
[BlackFideId "14134020"]
[WhiteElo "2186"]
[BlackElo "2265"]
[Result "0-1"]
[Round "07"]
[TimeControl "180+1"]
[Date "2022.11.09"]
[WhiteClock "0:00:30"]
[BlackClock "0:01:53"]

1. e4 d5 2. exd5 Qxd5 3. Nc3 Qd8 4. d4 Nf6 5. Bc4 a6 6. Nf3 b5 7. Bb3 c5 8. dxc5 Qxd1+ 9. Nxd1 e6 10. Be3 Bb7 11. Nc3 Nbd7 12. O-O Bxc5 13. Bxc5 Nxc5 14. Ne5 Ke7 15. Rad1 Rhd8 16. f3 Nfd7 17. Nxd7 Rxd7 18. Rxd7+ Kxd7 19. Rd1+ Ke7 20. Ne2 Rd8 21. Rxd8 Kxd8 22. c3 Nd3 23. Nd4 Nxb2 24. Kf2 Nd3+ 25. Ke3 Nc5 26. Bc2 g6 27. h4 Ke7 28. g4 e5 29. Ne2 Ke6 30. g5 Bd5 31. a3 f5 32. f4 Bc4 33. Ng3 Kd5 34. h5 Ne6 35. Nxf5 gxf5 36. Bxf5 Nxf4 37. Bxh7 Nxh5 0-1


[Site "https://www.chess.com"]

[Event "Titled Tuesday Blitz November 08 Early 2022"]
[White "Fiedorek, Michal"]
[Black "Averjanov, Alexey"]
[WhiteFideId "1199528"]
[BlackFideId "14109867"]
[WhiteElo "2201"]
[BlackElo "2585"]
[Result "0-1"]
[Round "07"]
[TimeControl "180+1"]
[Date "2022.11.09"]
[WhiteClock "0:00:02"]
[BlackClock "0:00:18"]

1. d4 d5 2. Bf4 Nf6 3. e3 e6 4. Nd2 c5 5. c3 Bd6 6. Bg3 Qc7 7. Ngf3 Nbd7 8. dxc5 Qxc5 9. Bxd6 Qxd6 10. Be2 O-O 11. O-O b6 12. c4 Bb7 13. Rc1 Rac8 14. Qb3 Nc5 15. Qa3 a5 16. Rfd1 Rfd8 17. cxd5 Qxd5 18. Nc4 Qc6 19. Rxd8+ Rxd8 20. Nxa5 Qd5 21. Nxb7 Qxb7 22. h3 h6 23. Qb4 Nd5 24. Qb5 Qa7 25. a3 Ne4 26. Nd4 Nd6 27. Qb3 Qb7 28. Bf3 Ne8 29. Nb5 Nef6 30. Qc4 Qd7 31. Qc6 Qe7 32. Nd4 Rd7 33. Qc8+ Rd8 34. Qc2 Qd7 35. b4 g6 36. Qb3 Kg7 37. a4 e5 38. Nc6 Rc8 39. b5 e4 40. Be2 Qd6 41. Rd1 Qc5 42. Bc4 Ne7 43. Bxf7 Nxc6 44. bxc6 Rxc6 45. Bd5 Rd6 46. Bb7 g5 47. Rb1 Rd2 48. Ba6 Nd5 49. Rf1 Nb4 50. Qc4 Qxc4 51. Bxc4 Rc2 52. Bb5 Kf6 53. Rb1 Ke5 54. f3 Nd3 55. fxe4 Nc5 56. Kf1 Nxe4 57. Bd3 Nd2+ 58. Ke1 Ra2 59. Bc2 Nxb1 60. Bxb1 Ra1 61. Kd2 Rxb1 0-1


[Site "https://www.chess.com"]

[Event "Titled Tuesday Blitz November 08 Early 2022"]
[White "Forgacs, Attila Jr."]
[Black "Volkov, Maksim"]
[WhiteFideId "773654"]
[BlackFideId "54123070"]
[WhiteElo "2168"]
[BlackElo "2257"]
[Result "0-1"]
[Round "07"]
[TimeControl "180+1"]
[Date "2022.11.09"]
[WhiteClock "0:01:06"]
[BlackClock "0:02:15"]

1. e4 c5 2. Nf3 d6 3. d4 cxd4 4. Nxd4 Nf6 5. Nc3 a6 6. f3 e5 7. Nb3 Be7 8. Be3 Be6 9. Qd2 h5 10. Nd5 Nxd5 11. exd5 Bf5 12. O-O-O Nd7 13. Be2 Rc8 14. c3 b5 15. g4 hxg4 16. fxg4 Be4 17. g5 Rh3 18. Bg4 Rxe3 19. Bxd7+ Kxd7 20. Rhg1 Bxg5 21. Rg4 Rexc3+ 22. bxc3 Bxd2+ 23. Kxd2 Bf3 24. Rxg7 Bxd1 25. Rxf7+ Ke8 0-1


[Site "https://www.chess.com"]

[Event "Titled Tuesday Blitz November 08 Early 2022"]
[White "Galperin, Platon"]
[Black "Zaragatski, Ilja"]
[WhiteFideId "14165414"]
[BlackFideId "4655192"]
[WhiteElo "2435"]
[BlackElo "2460"]
[Result "1-0"]
[Round "07"]
[TimeControl "180+1"]
[Date "2022.11.09"]
[WhiteClock "0:01:32"]
[BlackClock "0:00:02"]

1. b3 Nf6 2. Bb2 e6 3. Nf3 d5 4. e3 Be7 5. c4 O-O 6. Nc3 b6 7. Rc1 Bb7 8. cxd5 exd5 9. Ne2 Nbd7 10. Ned4 c5 11. Nf5 d4 12. exd4 Re8 13. Be2 cxd4 14. Bxd4 Bxf3 15. gxf3 Bc5 16. Be3 g6 17. Rg1 Rc8 18. Kf1 Ba3 19. Rxc8 Qxc8 20. b4 Bxb4 21. Nh6+ Kg7 22. Qb3 Bd6 23. Qxf7+ Kh8 24. Bb5 Rf8 25. Qe6 Bxh2 26. Rh1 Qc7 27. Bxd7 Nxd7 28. Ng4 Bd6 29. Bd4+ Ne5 30. Nxe5 Bxe5 31. Bxe5+ Rf6 32. Bxf6+ Qg7 33. Qe8# 1-0


[Site "https://www.chess.com"]

[Event "Titled Tuesday Blitz November 08 Early 2022"]
[White "Garcia Ramos, Daniel"]
[Black "Kaplan, Avi Harrison"]
[WhiteFideId "32010311"]
[BlackFideId "30934559"]
[WhiteElo "2357"]
[BlackElo "1983"]
[Result "1-0"]
[Round "07"]
[TimeControl "180+1"]
[Date "2022.11.09"]
[WhiteClock "0:00:45"]
[BlackClock "0:00:09"]

1. e4 c5 2. Nf3 d6 3. d4 cxd4 4. Nxd4 Nf6 5. f3 e5 6. Nb3 d5 7. Bg5 Be6 8. exd5 Qxd5 9. Nc3 Bb4 10. Bd2 Qd7 11. Bb5 Nc6 12. O-O O-O 13. a3 Be7 14. Be3 Qc7 15. Qe2 a6 16. Bd3 Rfd8 17. Rad1 Rac8 18. Qf2 b5 19. Bb6 Qb8 20. Bxd8 Bxd8 21. Kh1 Bb6 22. Qg3 Nd4 23. Nxd4 Bxd4 24. Rfe1 Nh5 25. Qh4 Nf4 26. Qxh7+ Kf8 27. Ne4 Ke7 28. Qxg7 Rh8 29. Qf6+ Kd7 30. c3 Qg8 31. Ng5 Nd5 32. Nh7 Rxh7 33. Bxh7 Qxh7 34. Qg5 Bf2 35. Rxe5 Kc6 36. Rexd5 Bxd5 37. Qxd5+ Kb6 38. Qd8+ Kc6 39. Rd6+ Kb7 40. Qe7+ Ka8 41. Rd8# 1-0


[Site "https://www.chess.com"]

[Event "Titled Tuesday Blitz November 08 Early 2022"]
[White "Ginzburg, Yakov"]
[Black "Hernandez Jimenez, Alexander Andres"]
[WhiteFideId "4157176"]
[BlackFideId "3900452"]
[WhiteElo "2305"]
[BlackElo "2098"]
[Result "1-0"]
[Round "07"]
[TimeControl "180+1"]
[Date "2022.11.09"]
[WhiteClock "0:01:11"]
[BlackClock "0:00:11"]

1. e4 c5 2. Nf3 d6 3. c3 Nf6 4. Be2 g6 5. O-O Bg7 6. Re1 O-O 7. Bf1 Nc6 8. d4 cxd4 9. cxd4 d5 10. e5 Ne4 11. Nc3 Nxc3 12. bxc3 Bg4 13. h3 Bxf3 14. Qxf3 Na5 15. h4 h5 16. g4 hxg4 17. Qxg4 Qc8 18. Qg3 Nc4 19. h5 Qf5 20. h6 Bh8 21. Bh3 Qc2 22. e6 Bf6 23. exf7+ Kh7 24. Be6 Rad8 25. Bf4 Nd6 26. Rac1 Qxa2 27. Ra1 Qc2 28. Rxa7 Ne4 29. Qe3 Nxc3 30. Rxb7 Nd1 31. Qd2 Qc6 32. Rc7 1-0


[Site "https://www.chess.com"]

[Event "Titled Tuesday Blitz November 08 Early 2022"]
[White "Gracia Alvarez, Gerardo Antonio"]
[Black "Lakshmi C"]
[WhiteFideId "5109124"]
[BlackFideId "25035347"]
[WhiteElo "2139"]
[BlackElo "1865"]
[Result "0-1"]
[Round "07"]
[TimeControl "180+1"]
[Date "2022.11.09"]
[WhiteClock "0:00:42"]
[BlackClock "0:00:54"]

1. d4 Nf6 2. Bf4 g6 3. Nf3 Bg7 4. c3 O-O 5. Nbd2 d6 6. e4 c5 7. dxc5 dxc5 8. h3 Nc6 9. Be2 Nd7 10. O-O e5 11. Be3 Qe7 12. Nc4 Rd8 13. Qd6 f6 14. Rfd1 Bf8 15. Qxe7 Bxe7 16. Nd6 Nb6 17. Bxc5 Be6 18. Nxb7 Rdb8 19. Bxe7 Nxe7 20. Nc5 Bf7 21. b3 Rc8 22. b4 a5 23. a3 Ra7 24. g4 Nc6 25. Ba6 Rcc7 26. Bb5 Nc4 27. Bxc4 Bxc4 28. Rab1 Be2 29. Rd8+ Nxd8 0-1


[Site "https://www.chess.com"]

[Event "Titled Tuesday Blitz November 08 Early 2022"]
[White "Gronnestad, Anita"]
[Black "Sreyas Payyappat"]
[WhiteFideId "1502972"]
[BlackFideId "46674969"]
[WhiteElo "1939"]
[BlackElo "2083"]
[Result "0-1"]
[Round "07"]
[TimeControl "180+1"]
[Date "2022.11.09"]
[WhiteClock "0:00:54"]
[BlackClock "0:01:18"]

1. d4 Nf6 2. c4 c5 3. d5 e6 4. Nc3 exd5 5. cxd5 d6 6. e4 g6 7. f4 Bg7 8. Bb5+ Nfd7 9. Nf3 O-O 10. a4 Na6 11. O-O Nb4 12. Be3 a6 13. Be2 f5 14. e5 Re8 15. e6 Nf6 16. Ng5 Qe7 17. Bxc5 Nbxd5 18. Ba3 h6 19. Nxd5 Nxd5 20. Qxd5 hxg5 21. Bxd6 Qxe6 22. Qxe6+ Bxe6 23. fxg5 Bxb2 24. Rab1 Bd4+ 25. Kh1 Rad8 26. Bc7 Rd7 27. Rxb7 Bd5 28. Rb4 Rxe2 29. Rb8+ Kh7 30. Rg1 Bxg2+ 31. Rxg2 Re1+ 0-1


[Site "https://www.chess.com"]

[Event "Titled Tuesday Blitz November 08 Early 2022"]
[White "Grot, Blazej"]
[Black "Lehtosaari, Mauri"]
[WhiteFideId "21835845"]
[BlackFideId "501999"]
[WhiteElo "1822"]
[BlackElo "2507"]
[Result "1/2-1/2"]
[Round "07"]
[TimeControl "180+1"]
[Date "2022.11.09"]
[WhiteClock "0:01:08"]
[BlackClock "0:00:31"]

1. e4 d5 2. exd5 Qxd5 3. Nc3 Qe5+ 4. Be2 c6 5. Nf3 Qc7 6. d3 Bf5 7. Be3 e6 8. h3 Nf6 9. O-O Nbd7 10. Qd2 Bd6 11. Rad1 O-O 12. Nh4 Bg6 13. Nxg6 hxg6 14. Bf3 Rfe8 15. g3 Rad8 16. Bg2 Qa5 17. a3 a6 18. Rfe1 Qc7 19. Qe2 Nd5 20. Nxd5 exd5 21. Qd2 Nf6 22. Bg5 Qb6 23. c3 Qa5 24. d4 Qc7 25. Bxf6 gxf6 26. Rxe8+ Rxe8 27. Re1 Rxe1+ 28. Qxe1 Kg7 29. h4 Kf8 30. Qe3 Kg7 31. Bf3 Qe7 32. Qxe7 Bxe7 33. Kg2 f5 34. Be2 Kf6 35. Bd3 Bd6 36. f4 Bc7 37. Kf3 Bd6 38. Ke3 Bc7 39. Kf3 Ke7 40. Ke3 Kd6 41. Kd2 Ke7 42. Ke3 Kf6 43. Kf3 1/2-1/2


[Site "https://www.chess.com"]

[Event "Titled Tuesday Blitz November 08 Early 2022"]
[White "Gulevich, Artem"]
[Black "Postny, Evgeny"]
[WhiteFideId "24119580"]
[BlackFideId "2804344"]
[WhiteElo "2218"]
[BlackElo "2476"]
[Result "0-1"]
[Round "07"]
[TimeControl "180+1"]
[Date "2022.11.09"]
[WhiteClock "0:01:29"]
[BlackClock "0:01:51"]

1. Nf3 c5 2. b3 d5 3. Bb2 Nc6 4. e3 Nf6 5. Be2 e6 6. O-O Bd6 7. d4 cxd4 8. Nxd4 O-O 9. Nd2 e5 10. N4f3 Re8 11. c4 d4 12. exd4 exd4 13. Nxd4 Nxd4 14. Bxd4 Bxh2+ 15. Kxh2 Qxd4 16. Bf3 Rd8 17. Bd5 Nxd5 18. cxd5 Qxd5 19. Re1 Be6 20. Re2 Qh5+ 21. Kg1 Rd4 22. Qe1 Rh4 0-1


[Site "https://www.chess.com"]

[Event "Titled Tuesday Blitz November 08 Early 2022"]
[White "Hajiyev, Kanan"]
[Black "Ostrovskiy, Aleksandr"]
[WhiteFideId "13404148"]
[BlackFideId "2034239"]
[WhiteElo "2118"]
[BlackElo "2340"]
[Result "0-1"]
[Round "07"]
[TimeControl "180+1"]
[Date "2022.11.09"]
[WhiteClock "0:00:04"]
[BlackClock "0:00:04"]

1. d4 Nf6 2. Nf3 c5 3. c3 d5 4. Bf4 Nc6 5. e3 Qb6 6. Qb3 c4 7. Qc2 Bf5 8. Qc1 Qb5 9. b3 Na5 10. Nbd2 Rc8 11. Ne5 e6 12. Be2 Nd7 13. Nxd7 Qxd7 14. bxc4 Nxc4 15. Nxc4 dxc4 16. a4 Be7 17. Qb2 Be4 18. f3 Bc6 19. O-O Bxa4 20. Rfb1 b5 21. Qa2 O-O 22. e4 a5 23. Qb2 f5 24. Be5 Qc6 25. exf5 Rxf5 26. Qa2 h6 27. f4 Bd6 28. Bf3 Qd7 29. Qe2 Bxe5 30. fxe5 b4 31. Bg4 Rg5 32. Rxa4 bxc3 33. Rxa5 Qxd4+ 34. Kh1 Rxg4 35. Rd1 Qe4 36. Qf1 Rf8 37. Qg1 c2 38. Re1 Qf5 39. Raa1 Rf4 40. Rac1 Rf2 41. h3 Qd3 42. Qh2 Re2 43. Rg1 c3 44. h4 Qe4 45. Rgf1 Rxf1+ 46. Rxf1 Re1 47. Qg1 c1=Q 48. Rxe1 Qexe1 49. Kh2 Qxh4# 0-1


[Site "https://www.chess.com"]

[Event "Titled Tuesday Blitz November 08 Early 2022"]
[White "Harsh Suresh"]
[Black "Gholami Orimi, Mahdi"]
[WhiteFideId "45018464"]
[BlackFideId "12558486"]
[WhiteElo "2227"]
[BlackElo "2330"]
[Result "1/2-1/2"]
[Round "07"]
[TimeControl "180+1"]
[Date "2022.11.08"]
[WhiteClock "0:00:10"]
[BlackClock "0:00:11"]

1. Nf3 Nf6 2. g3 b5 3. Bg2 Bb7 4. O-O c5 5. a4 b4 6. d4 e6 7. c3 Qb6 8. a5 Qa6 9. Nbd2 bxc3 10. bxc3 cxd4 11. cxd4 Bb4 12. Ba3 Bxa3 13. Rxa3 O-O 14. Re1 Ne4 15. e3 Nxd2 16. Qxd2 Be4 17. Rc1 Qb7 18. Ne1 Bxg2 19. Nxg2 Nc6 20. Nf4 Rfc8 21. Nd3 d6 22. Rac3 Ne7 23. Qb2 Qd7 24. Rxc8+ Rxc8 25. Rxc8+ Qxc8 26. Qb5 g6 27. h4 Nd5 28. Nb4 Nc3 29. Qc6 Qxc6 30. Nxc6 Nb5 31. Kg2 Kf8 32. Kf3 Ke8 33. Kf4 h6 34. g4 Kd7 35. Nb4 Na3 36. d5 e5+ 37. Ke4 Nc4 38. a6 Nb2 39. Nc6 Na4 40. Nxa7 Nc5+ 41. Kf3 Nxa6 42. Nc6 Nc7 43. e4 Nb5 44. Ke3 Na3 45. Kd3 Nb5 46. Ke3 Nc7 47. f4 f6 48. h5 g5 49. fxg5 fxg5 50. Kf3 Nb5 51. Nb4 Nd4+ 52. Ke3 Ke7 53. Nd3 Nc2+ 54. Kd2 Nd4 55. Ke3 Nc2+ 56. Kd2 Nd4 57. Nb2 Nf3+ 58. Ke3 Nh2 59. Nc4 Nxg4+ 60. Kf3 Nf6 61. Ne3 Nxh5 62. Nf5+ Kd7 63. Nxh6 Nf6 64. Ng4 Ke7 65. Nh6 Ne8 66. Kg4 Kf6 67. Nf5 Kg6 68. Ne7+ Kf7 69. Nf5 Nf6+ 70. Kf3 g4+ 71. Ke3 Kg6 72. Nxd6 g3 73. Nf5 g2 74. Nh4+ Kf7 75. Nxg2 Ke7 76. Nh4 Kd6 77. Nf5+ Kc5 78. Kd3 Nxd5 79. exd5 Kxd5 80. Ne3+ Ke6 81. Ke4 Kd6 82. Ng4 Kc6 83. Nxe5+ 1/2-1/2


[Site "https://www.chess.com"]

[Event "Titled Tuesday Blitz November 08 Early 2022"]
[White "Harshavardhan G B"]
[Black "Donchenko, Alexander"]
[WhiteFideId "25059009"]
[BlackFideId "24603295"]
[WhiteElo "2333"]
[BlackElo "2572"]
[Result "1-0"]
[Round "07"]
[TimeControl "180+1"]
[Date "2022.11.08"]
[WhiteClock "0:00:16"]
[BlackClock "0:00:33"]

1. Nf3 Nf6 2. d4 d5 3. c4 e6 4. Nc3 Bb4 5. Qb3 a5 6. cxd5 exd5 7. Bg5 c6 8. a3 Bd6 9. e3 h6 10. Bh4 O-O 11. Bd3 Nbd7 12. Qc2 Re8 13. O-O Qc7 14. Rfe1 b5 15. e4 dxe4 16. Nxe4 Nxe4 17. Bxe4 Bb7 18. Rac1 Bf4 19. Rcd1 Nb6 20. Qc5 Nd5 21. Bxd5 cxd5 22. Qxb5 Bc6 23. Qd3 Rab8 24. Qc3 Qb6 25. Bg3 Bxg3 26. hxg3 Ba4 27. Rxe8+ Rxe8 28. Re1 Rb8 29. Re2 Bd1 30. Rd2 Bxf3 31. Qxf3 Qc6 32. Re2 a4 33. Kh2 Qd6 34. Qh5 Kf8 35. Qf5 Kg8 36. Rc2 g6 37. Qd3 h5 38. Qe3 Kg7 39. f4 Rb3 40. Qe8 h4 41. Rc8 hxg3+ 42. Kg1 Kf6 43. Qh8+ Kf5 44. Re8 Qxf4 45. Re5+ Qxe5 46. Qxe5+ Kg4 47. Qxd5 Rxb2 48. Qf3+ Kh4 49. Qf4+ Kh5 50. Qxg3 Rb3 51. Qe5+ Kh6 52. Qh8+ Kg5 53. Qd8+ Kh6 54. Qh8+ Kg5 55. d5 Rxa3 56. Qe5+ Kh6 57. Qf4+ Kg7 58. Qd4+ Kf8 59. Qc5+ 1-0


[Site "https://www.chess.com"]